 Dungeon Crawl Stone Soup version 0.17-a0-1519-g2001520 (webtiles) character file.

406134 HEYYEYAAE the Fetichist (level 22, -4/128 HPs)
             Began as a Spriggan Berserker on July 10, 2015.
             Was the Champion of Okawaru.
             Slain by an iron troll (25 damage)
             ... created by the rage of Trog
             ... on level 4 of the Vaults on July 13, 2015.
             The game lasted 05:28:27 (65908 turns).

HEYYEYAAE the Fetichist (Spriggan Berserker)       Turns: 65908, Time: 05:28:28

Health: -4/128     AC: 32    Str: 20    XL:     22   Next: 37%
Magic:  35/36      EV: 26    Int: 16    God:    Okawaru [******]
Gold:   767        SH: 12    Dex: 23    Spells: 3 memorised, 6 levels left

rFire  + + .     SeeInvis +       - Unarmed
rCold  + + .     Clarity  .     h - +6 gold dragon armour
rNeg   + + .     SustAt   .     z - +2 buckler
rPois  +         Gourm    .     N - +2 hat {rC+}
rElec  +         Spirit   .     K - +2 cloak of Royalty {rN+ Int+5}
rCorr  .         Warding  .     (gloves unavailable)
rMut   .         Stasis   .     (boots unavailable)
MR     ++++.                    O - amulet of regeneration
Stlth  ++........               U - ring "Hamiut" {rElec rN+ MR+ Slay+3}
                                i - ring "Nealao" {rPois rF+}

@: agile, about to teleport, very slightly contaminated, very quick, incredibly
resistant to hostile enchantments, unstealthy
A: unfitting armour, molten scales 1, see invisible, clever 1, herbivore 3,
speed 3, slow metabolism 2
a: Heroism, Finesse, Renounce Religion
}: 2/15 runes: serpentine, barnacled


You were on level 4 of the Vaults.
You worshipped Okawaru.
Okawaru was exalted by your worship.
You were near starving.

You visited 9 branches of the dungeon, and saw 48 of its levels.
You visited 1 ziggurat, and saw 6 of its levels.
You also visited: Labyrinth, Ossuary and Ice Cave.

You collected 5467 gold pieces.
You spent 4700 gold pieces at shops.

Inventory:

Armour
 g - a +0 fire dragon armour
 h - a +6 gold dragon armour (worn)
 v - a +3 ice dragon armour
 x - the +2 robe of Rife Mam {rF+ rN++}
   (You found it on level 2 of the Lair of Beasts)

   It protects you from fire.
   It greatly protects you from negative energy.
 z - a +2 buckler (worn)
 K - the +2 cloak of Royalty (worn) {rN+ Int+5}
   (You acquired it on level 6 of the Lair of Beasts)

   It affects your intelligence (+5).
   It protects you from negative energy.
 N - a +2 hat of cold resistance (worn)
 V - the +2 robe of Esaytsumm {rCorr Str+4 Dex-3}
   (You found it in a labyrinth)

   It affects your strength (+4).
   It affects your dexterity (-3).
   It protects you from acid and corrosion.
Jewellery
 c - a +5 ring of protection
 e - an uncursed ring of wizardry
 i - the ring "Nealao" (left hand) {rPois rF+}
   (You bought it in a shop on level 10 of the Dungeon)

   [ring of protection from fire]

   It protects you from fire.
   It protects you from poison.
 r - an uncursed amulet of guardian spirit
 u - the ring of Duoj {rElec rC+ MR+}
   (You found it on level 4 of the Dungeon)

   [ring of protection from cold]

   It protects you from cold.
   It insulates you from electricity.
   It affects your resistance to hostile enchantments.
 B - the ring of Charity {EV+2 Dex+6}
   (You found it in a labyrinth)

   [ring of evasion]

   It affects your evasion (+2).
   It affects your dexterity (+6).
 D - an uncursed ring of protection from fire
 O - an amulet of regeneration (around neck)
 P - a cursed ring of teleportation
 Q - an uncursed amulet of resist corrosion
 U - the ring "Hamiut" (right hand) {rElec rN+ MR+ Slay+3}
   (You found it on level 5 of a ziggurat)

   [ring of protection from magic]

   It affects your accuracy and damage with ranged weapons and melee attacks
   (+3).
   It insulates you from electricity.
   It protects you from negative energy.
   It affects your resistance to hostile enchantments.
Magical devices
 q - a wand of paralysis (0)
 w - a wand of fireball (9)
 F - a wand of digging (0)
 J - a wand of teleportation (1)
 Z - a wand of heal wounds (3)
Scrolls
 a - 6 scrolls of fear
 j - a scroll of teleportation
 n - 5 scrolls of recharging
 p - 3 scrolls of identify
 y - 5 scrolls of amnesia
 G - 29 scrolls of remove curse
 L - 5 scrolls of torment
 R - 5 scrolls of vulnerability
 T - 7 scrolls of magic mapping
 W - a scroll of silence
 X - 5 scrolls of fog
Potions
 d - 3 potions of agility
 l - 2 potions of cure mutation
 m - 10 potions of brilliance
 o - 5 potions of flight
 s - 4 potions of invisibility
 t - 3 potions of lignification
 C - 4 potions of berserk rage
 E - 11 potions of curing
 I - 3 potions of cancellation
 M - a potion of might
 S - 2 potions of magic
 Y - a potion of resistance
Miscellaneous
 f - a disc of storms
 k - a lamp of fire (inert)
 A - a fan of gales (inert)
 H - 2 phantom mirrors
Comestibles
 b - 2 bread rations


   Skills:
 - Level 18.2 Fighting
 - Level 14.7 Armour
 - Level 17.4 Dodging
 - Level 16.0 Stealth
 - Level 9.6 Shields
 - Level 11.2 Unarmed Combat
 + Level 6.3 Necromancy
 - Level 8.1 Translocations
 * Level 11.7 Transmutations
 - Level 2.9 Invocations
 - Level 18.8 Evocations


You had 6 spell levels left.
You knew the following spells:

 Your Spells              Type           Power        Failure   Level  Hunger
a - Phase Shift           Tloc           ####......   100%        5    ######.
b - Blink                 Tloc           N/A          78%         2    ###....
c - Necromutation         Trmt/Necr      ####......   100%        8    #######


Dungeon Overview and Level Annotations

Branches:
Dungeon (15/15)            Temple (1/1) D:5            Lair (8/8) D:8
 Shoals (4/4) Lair:5        Snake (4/4) Lair:5        Slime (0/6) Lair:8
    Orc (4/4) D:11            Elf (3/3) Orc:4        Vaults (4/5) D:14
 Depths (5/5) D:15
  Crypt: Vaults:2-3     Zot: Depths:5

Altars:
Ashenzari
Cheibriados
Dithmenos
Elyvilon
Fedhas
Gozag
Kikubaaqudgha
Makhleb
Nemelex Xobeh
Okawaru
Qazlal
Ru
Sif Muna
Trog
Vehumet
Xom
Yredelemnul
Zin
The Shining One
Beogh
Jiyva

Shops:
D:9 *   D:10 =   Orc:2 }   Orc:4 *[?*}   Elf:1 [   Shoals:4 :   Vaults:1 :
Vaults:2 =   Vaults:3 [   Vaults:4 ?   Depths:4 *

Portals:
Hell: Depths:1 Depths:2 Depths:5
Abyss: Depths:5
Pandemonium: Depths:3

Annotations:
D:4 Grinder
Shoals:4 FooOfBar's ghost, mighty TeAE
Orc:1 Nergalle
Elf:1 nubinia's ghost, powerful TrEE
Elf:2 3 runed doors


Innate Abilities, Weirdness & Mutations

You are tiny and cannot use many weapons and most armour.
You have supernaturally acute eyesight.
You are a herbivore.
You cover ground extremely quickly.
You need consume almost no food.
You are partially covered in molten scales (AC +1).
Your mind is acute. (Int +2)


Message History

Press: ? - help, Shift-Dir - straight line, f - you You feel strangely unstable.
This wand has 1 charge left.
The hill giant barely misses you.
The stone giant hits you but does no damage.
The iron troll barely misses you. You block the iron troll's attack.
The iron troll claws you! The hill giant barely misses you.
The stone giant hits you!!
* * * LOW HITPOINT WARNING * * *
Drink which item? (? for menu, Esc to quit)
Okay, then.
Read which item? (? for menu, Esc to quit)
Charge which item? (? for menu, Esc to quit)
As you read the scroll of recharging, it crumbles to dust.
Your wand of heal wounds (0) glows for a moment and now has 3 charges.
The stone giant hits you!
* * * LOW HITPOINT WARNING * * *
You block the iron troll's attack.
The iron troll claws you but does no damage.
The iron troll claws you!!
You die...

#......# ##.#.. #......# #.#..
##### #......##### ##.#.. ....#
#......+)..# #### #..'.. ..≈.#
########...###/.# ##.##.. ...≈#
#..###...###..##.. .)).#
#########O###...###....#.. .)≈.#
#.......#C##...## ##..##..
#)######.......#@#.).######†###..
).))...'.......#CT#)###..)).# #..
.))....#.......#OT)###.<.#.## #..
.......'.......+.)..))...#.# #..
.......#.......#######)###.# #..
.......#########........##.. ##
.......# #........##.. .......#
#........##### ....<..#
#........#


You could see an iron troll (berserk), a stone giant (berserk), a hill giant
(berserk), a troll (berserk) and 2 ogres.

Vanquished Creatures
  A golden dragon (Depths:5)
  5 liches
  A deep elf blademaster (Zig:5)
  2 sphinxes (Vaults:1)
  A deep elf master archer (Elf:3)
  An octopode crusher (Depths:2)
  Kirke (Lair:6)
  5 greater nagas (Snake:4)
  Ilsuiw (Shoals:4)
  2 frost giants
  A draconian scorcher (Depths:5)
  7 deep elf sorcerers
  5 vault wardens
  A draconian zealot (Depths:5)
  10 ironheart preservers
  17 stone giants
  6 very ugly things
  3 deep elf demonologists (Elf:3)
  A salamander stormcaller (Vaults:2)
  8 deep elf annihilators
  2 white draconians (Depths:5)
  A salamander firebrand (Depths:2)
  A mottled draconian (Depths:5)
  Snorg (Orc:1)
  4 deep elf death magi
  13 vault guards
  3 merfolk javelineers
  4 ettins
  A merfolk impaler (Shoals:4)
  2 fire dragons
  Josephine (D:14)
  3 entropy weavers
  2 great orbs of eyes
  5 hydras
  4 yaktaur captains
  5 rakshasas
  4 ice dragons
  14 naga warriors
  Erolcha (Orc:2)
  3 merfolk avatars
  13 ogre magi
  14 centaur warriors
  24 anacondas
  2 dancing weapons (Elf:2)
  An alligator (Depths:3)
  A merfolk aquamancer (Shoals:3)
  2 tengu warriors
  4 death yaks (Lair:7)
  5 deep troll shamans
  5 deep troll earth magi
  3 spriggan berserkers (Depths:2)
  10 shock serpents
  4 naga sharpshooters
  Urug (Orc:2)
  8 hell knights
  4 orc high priests (Orc:4)
  10 deep elf knights
  Sonja (Orc:2)
  2 shadow wraiths
  5 salamander mystics
  A soul eater (Zig:3)
  3 iron trolls
  2 wizards (Vaults:2)
  18 deep trolls
  3 skeletal warriors
  A fire crab (Vaults:3)
  6 sea snakes
  2 unseen horrors
  9 naga ritualists
  An ice statue (IceCv)
  2 giant orange brains
  2 small abominations
  9 deep elf summoners
  15 hill giants
  6 manticores
  5 lindwurms
  3 necromancers
  An iron dragon zombie (Depths:2)
  18 deep elf conjurers
  18 mana vipers
  14 griffons
  8 ironbrand convokers
  63 ugly things
  9 salamanders
  6 orc sorcerers
  3 wolf spider zombies (D:14)
  A hornet (Vaults:2)
  12 cyclopes
  A faun (Shoals:1)
  5 harpies
  10 orc knights
  3 water nymphs
  5 wolf spiders
  33 black mambas
  13 elephants
  6 guardian serpents
  A moth of wrath (shapeshifter) (Vaults:4)
  A black mamba (shapeshifter) (Depths:1)
  2 sirens
  14 vault sentinels
  6 torpor snails
  23 naga magi
  Psyche (D:8)
  A molten gargoyle (Depths:1)
  4 gargoyles
  A yaktaur zombie (Vaults:4)
  16 spiny frogs
  A tormentor (Zig:2)
  31 yaktaurs
  7 deep elf priests
  10 kobold demonologists
  A fire drake (shapeshifter) (D:14)
  3 komodo dragons
  3 freezing wraiths
  2 tengu conjurers (D:15)
  A red devil (Depths:1)
  A komodo dragon (shapeshifter) (Depths:1)
  13 trolls
  A wandering mushroom (D:8)
  2 wind drakes
  12 blink frogs
  A hellwing (Depths:1)
  5 giant leeches
  13 merfolk
  A polar bear (shapeshifter) (Depths:3)
  33 polar bears
  An ettin zombie (Vaults:4)
  27 two-headed ogres
  A harpy skeleton (D:15)
  4 snapping turtles
  12 deep elf magi
  3 boulder beetles
  20 slime creatures
  An ettin skeleton (Depths:2)
  A fire giant simulacrum (Depths:2)
  2 spriggans (shapeshifter)
  45 yaks
  4 water elementals
  A redback (shapeshifter) (Depths:3)
  A trapdoor spider (D:15)
  7 redbacks
  3 wraiths (D:14)
  2 vampires
  2 shadows
  4 fire bats (Depths:1)
  19 deep elf fighters
  2 wyverns
  10 hippogriffs
  2 hogs (Lair:6)
  A mottled dragon (D:15)
  3 spriggans
  3 hippogriffs (shapeshifter)
  2 steam dragons
  3 basilisks
  35 nagas
  5 vampire mosquitoes
  15 soldier ants
  24 wolves
  A naga (shapeshifter) (Vaults:4)
  12 porcupines
  8 wargs
  18 water moccasins
  A spider (D:9)
  3 hell hounds
  A sky beast (D:7)
  10 boggarts
  23 centaurs
  2 eyes of draining
  2 phantoms
  13 black bears
  19 orc warriors
  6 wasps
  51 ogres
  6 ice beasts
  4 brain worms (Lair:8)
  6 big kobolds
  12 crocodiles
  A human skeleton (Vaults:4)
  A wyvern zombie (D:13)
  19 giant frogs
  5 scorpions
  A wyvern skeleton (D:6)
  10 killer bees
  A vampire bat (Orc:2)
  5 wights (D:14)
  3 crimson imps
  3 centaur zombies
  3 centaur skeletons
  Crazy Yiuf (D:6)
  A jelly (D:15)
  14 hounds
  42 orc priests
  A quasit (D:9)
  32 orc wizards
  10 iguanas
  5 hell rats (Lair:6)
  19 worker ants
  A big kobold zombie (Ossuary)
  21 sheep
  A hound zombie (D:11)
  A hound skeleton (D:11)
  8 mummies
  2 worker ant zombies
  12 adders
  An adder (shapeshifter) (Depths:3)
  10 gnolls
  48 river rats
  A shadow imp (D:7)
  6 white imps (Lair:3)
  An adder skeleton (D:4)
  19 worms
  A worm (shapeshifter) (Vaults:1)
  7 giant geckos
  209 orcs
  A ball python (D:1)
  24 bats
  19 goblins
  27 hobgoblins
  4 quokkas
  3 giant cockroaches
  A giant gecko skeleton (D:6)
  4 giant newts
  A gnoll zombie (Ossuary)
  A goblin zombie (Ossuary)
  A hobgoblin zombie (Ossuary)
  16 jackals
  39 kobolds
  2 kobold zombies (Ossuary)
  An orc zombie (Ossuary)
  A quokka skeleton (D:7)
  A quokka zombie (D:5)
  17 rats
  A crawling corpse (Elf:3)
  2 fungi
  2 plants (Lair:8)
1957 creatures vanquished.

Vanquished Creatures (collateral kills)
  Vashnia (Snake:4)
  A golden dragon (Depths:5)
  A profane servitor (Zig:3)
  A deep elf blademaster (Elf:3)
  A sphinx (shapeshifter) (D:15)
  A sphinx (Vaults:3)
  Frances (D:12)
  2 greater nagas (Snake:4)
  6 deep elf sorcerers (Elf:3)
  2 vault wardens
  2 frost giants
  An ironheart preserver (Vaults:4)
  2 stone giants
  A deep elf demonologist (Elf:3)
  Azrael (Elf:1)
  A white draconian (Depths:5)
  6 deep elf annihilators (Elf:3)
  A minotaur (Lab)
  4 merfolk javelineers
  An ettin (Depths:1)
  5 merfolk impalers (Shoals:4)
  3 deep elf death magi (Elf:3)
  4 deep elf high priests (Elf:3)
  4 vault guards (Vaults:2)
  A great orb of eyes (Depths:1)
  5 anacondas (Snake:1)
  5 naga warriors (Snake:4)
  3 merfolk avatars
  An alligator snapping turtle (Shoals:4)
  2 centaur warriors
  A merfolk aquamancer (Shoals:4)
  2 deep troll shamans
  An ogre mage (Vaults:4)
  A tengu warrior (Depths:2)
  11 naga sharpshooters
  A queen ant (Lair:2)
  4 shock serpents
  2 deep elf knights
  4 orc high priests (Orc:4)
  The ghost of Amnesiac the Destroyer, a powerful DEWz of Vehumet (Orc:4)
  A shadow wraith (Depths:3)
  3 salamander mystics (Snake:4)
  3 skeletal warriors
  2 hell knights
  2 sea snakes (Shoals:4)
  A large abomination (Elf:3)
  4 deep trolls
  3 naga ritualists
  A hill giant (Vaults:4)
  An orc knight (D:15)
  A spectral fire dragon (Zig:3)
  5 deep elf conjurers
  7 harpies (Shoals:4)
  A necromancer (Vaults:2)
  An orc sorcerer (Elf:3)
  3 manticores
  12 ugly things
  8 elephants
  2 water nymphs (Shoals:4)
  2 mana vipers (Snake:1)
  2 cyclopes
  A vault sentinel (Vaults:1)
  A guardian serpent (Snake:4)
  2 salamanders (Snake:1)
  4 black mambas
  A gargoyle (Lab)
  3 sirens (Shoals:4)
  4 naga magi
  8 yaktaurs
  A freezing wraith (Zig:2)
  A jumping spider (Depths:3)
  2 deep elf priests (Elf:1)
  9 merfolk
  A polar bear (IceCv)
  3 two-headed ogres
  A blue devil (Zig:2)
  A boulder beetle (Vaults:3)
  3 blink frogs (Lair:5)
  7 slime creatures
  3 snapping turtles (Shoals:4)
  2 raiju (Lair:8)
  4 fire elementals (Elf:1)
  A water elemental (Shoals:4)
  2 deep elf magi
  11 yaks
  11 wolves
  2 hippogriffs
  8 soldier ants (Lair:2)
  3 wargs (Lair:8)
  4 hell hounds
  16 nagas
  4 black bears
  A wasp (shapeshifter) (D:15)
  2 water moccasins
  3 orc warriors
  A centaur (D:12)
  3 ogres
  A big kobold (D:15)
  4 hounds (Lair:8)
  9 orc priests
  2 orc wizards
  11 worker ants (Lair:2)
  2 sheep (Shoals:4)
  6 white imps (Lair:3)
  2 worms (Lair:8)
  15 orcs
  A kobold (D:15)
  A crawling corpse (Elf:3)
351 creatures vanquished.

Vanquished Creatures (others)
  Margery (Vaults:2)
  An eldritch tentacle (Depths:3)
  An ironheart preserver (Vaults:2)
  A deep elf demonologist (Elf:3)
  A deep elf annihilator (Vaults:2)
  A yaktaur captain (Vaults:2)
  A deep elf high priest (Elf:3)
  2 naga warriors (Snake:4)
  An anaconda (Snake:2)
  A hell knight (Vaults:2)
  A deep troll (Vaults:3)
  A sea snake (Shoals:4)
  A necromancer (Vaults:4)
  A deep elf conjurer (Elf:2)
  A guardian serpent (Depths:3)
  A naga mage (Snake:4)
  A manticore (Shoals:4)
  A yaktaur (Vaults:1)
  3 deep elf fighters
  A human (Lair:6)
  A vampire mosquito (Vaults:3)
  An ogre (Vaults:1)
  2 boggarts
  A crocodile (Lair:3)
  2 orcs
  60 eldritch tentacle segments (Depths:3)
  3 fire vortices (Vaults:2)
  17 fungi
  50 plants
160 creatures vanquished.

Grand Total: 2468 creatures vanquished

Notes
Turn   | Place    | Note
--------------------------------------------------------------
     0 | D:1      | HEYYEYAAE the Spriggan Berserker began the quest for the Orb.
     0 | D:1      | Reached XP level 1. HP: 11/11 MP: 2/2
   486 | D:2      | Reached XP level 2. HP: 16/16 MP: 3/3
   937 | D:2      | Found a blossoming altar of Fedhas.
  1573 | D:1      | Acquired Trog's second power
  1618 | D:1      | Reached XP level 3. HP: 13/19 MP: 4/4
  2121 | D:2      | Reached skill level 5 in Dodging
  2151 | D:2      | Found a shimmering altar of Xom.
  2559 | D:3      | Reached skill level 1 in Armour
  2559 | D:3      | Reached XP level 4. HP: 22/24 MP: 5/5
  2852 | D:3      | Found a snail-covered altar of Cheibriados.
  3079 | D:3      | Found a sacrificial altar of Ru.
  3704 | D:4      | Reached skill level 1 in Stealth
  3704 | D:4      | Reached skill level 1 in Evocations
  3704 | D:4      | Reached XP level 5. HP: 28/28 MP: 6/6
  3714 | D:4      | Noticed Grinder
  3991 | D:4      | Got a brightly glowing lapis lazuli ring
  4201 | D:4      | Noticed an ogre
  4212 | D:4      | Killed an ogre
  4212 | D:4      | Reached skill level 6 in Dodging
  4212 | D:4      | Reached XP level 6. HP: 32/32 MP: 8/8
  4286 | D:4      | Found a white marble altar of Elyvilon.
  4471 | D:4      | Noticed an ogre
  4482 | D:4      | Killed an ogre
  4533 | D:5      | Entered Level 5 of the Dungeon
  4696 | D:5      | Reached XP level 7. HP: 34/37 MP: 10/10
  4737 | D:5      | Identified the ring of Duoj {rElec rC+ MR+} (You found it on level 4 of the Dungeon)
  5123 | D:5      | You fall through a shaft for 2 floors!
  5134 | D:7      | Acquired Trog's third power
  5249 | D:7      | Reached skill level 7 in Dodging
  5266 | D:7      | Found a sand-covered staircase.
  5272 | Ossuary  | Entered an ossuary
  5616 | D:7      | Reached skill level 1 in Shields
  5623 | D:7      | Reached skill level 5 in Stealth
  5623 | D:7      | Reached XP level 8. HP: 25/42 MP: 12/12
  6012 | D:7      | Found a sacrificial altar of Ru.
  6653 | D:8      | Noticed a wandering mushroom
  6656 | D:8      | Found a staircase to the Lair.
  6656 | D:8      | Noticed a wandering mushroom
  6656 | D:8      | Noticed a wandering mushroom
  6730 | D:8      | Reached skill level 5 in Fighting
  6814 | D:8      | Noticed Psyche
  6846 | D:8      | Killed Psyche
  6846 | D:8      | Reached skill level 8 in Dodging
  6846 | D:8      | Reached skill level 5 in Evocations
  6851 | D:8      | Found an opulent altar of Gozag.
  7310 | D:9      | Reached XP level 9. HP: 44/47 MP: 14/14
  7354 | D:9      | Found an opulent altar of Gozag.
  7354 | D:9      | Found Gozag's Platinum Reserve.
  7628 | D:9      | Noticed a troll
  7637 | D:9      | Killed a troll
  7649 | D:9      | Noticed a two-headed ogre
  7699 | D:9      | Killed a two-headed ogre
  7831 | D:9      | Found a basalt altar of Yredelemnul.
  7844 | D:9      | Found a shimmering altar of Xom.
  7949 | D:9      | Reached skill level 9 in Dodging
  8101 | D:10     | Entered Level 10 of the Dungeon
  8118 | D:10     | Found an ancient bone altar of Kikubaaqudgha.
  8211 | D:10     | Noticed a tengu warrior
  8396 | D:10     | Noticed a hill giant
  8418 | D:10     | Killed a hill giant
  8418 | D:10     | Reached XP level 10. HP: 53/53 MP: 14/16
  8469 | D:10     | Noticed a hill giant
  8486 | D:10     | Found Otewu's Jewellery Shoppe.
  8494 | D:10     | Upgraded the game from 0.17-a0-1508-ge7f3dc3 to 0.17-a0-1510-gb3fb22e
  8494 | D:10     | Bought an uncursed amulet of guardian spirit for 330 gold pieces
  8538 | D:10     | Received a gift from Trog
  8665 | D:10     | Killed a hill giant
  8874 | D:10     | Killed a tengu warrior
  8874 | D:10     | Reached skill level 10 in Dodging
  9262 | D:11     | Noticed a brown ugly thing
  9280 | D:11     | Killed a brown ugly thing
  9464 | D:11     | Reached skill level 5 in Armour
  9475 | D:11     | Found a staircase to the Orcish Mines.
  9558 | D:11     | Reached XP level 11. HP: 45/60 MP: 14/18
  9599 | D:11     | Noticed a hill giant
  9623 | D:11     | Killed a hill giant
  9731 | D:11     | Noticed a hill giant
  9738 | D:11     | Killed a hill giant
  9738 | D:11     | Reached skill level 10 in Stealth
 10033 | Orc:1    | Entered Level 1 of the Orcish Mines
 10147 | Orc:1    | Received a gift from Trog
 10371 | Orc:1    | Noticed Snorg
 10462 | Orc:1    | Killed Snorg
 10658 | Orc:2    | Noticed Urug
 10671 | Orc:2    | Killed Urug
 10671 | Orc:2    | Reached skill level 11 in Dodging
 10678 | Orc:2    | Noticed Sonja
 10687 | Orc:2    | Killed Sonja
 10704 | Orc:2    | Found Ukeusu's Gadget Shoppe.
 10908 | Orc:2    | Paralysed by an orc sorcerer for 5 turns
 10946 | Orc:2    | Reached skill level 5 in Shields
 11086 | Orc:2    | Noticed Erolcha
 11096 | Orc:2    | Killed Erolcha
 11259 | Orc:2    | Bought a sack of spiders for 340 gold pieces
 11833 | Orc:3    | Received a gift from Trog
 12123 | Orc:3    | Received a gift from Trog
 12127 | Orc:3    | Found a roughly hewn altar of Beogh.
 12182 | Orc:4    | Entered Level 4 of the Orcish Mines
 12196 | Orc:4    | Noticed an orc high priest
 12225 | Orc:4    | Noticed an ice devil
 12253 | Orc:4    | Found a staircase to the Elven Halls.
 12253 | Orc:4    | Found Duenup's Magic Scroll Emporium.
 12320 | Orc:4    | Reached XP level 12. HP: 66/66 MP: 20/20
 12332 | Orc:4    | Noticed Amnesiac's ghost (powerful DEWz)
 12348 | Orc:4    | Bought a scroll of identify for 28 gold pieces
 12504 | Orc:4    | Killed Amnesiac's ghost
 12546 | Orc:4    | Noticed an orc high priest
 12559 | Orc:4    | Killed an orc high priest
 12576 | Orc:4    | Noticed an orc high priest
 12689 | Orc:4    | Found Reerip's General Store.
 12689 | Orc:4    | Found Pyxtat's Antique Armour Emporium.
 12689 | Orc:4    | Noticed an orc high priest
 12689 | Orc:4    | Noticed an orc high priest
 12720 | Orc:4    | Killed an orc high priest
 12740 | Orc:4    | Noticed an orc high priest
 12740 | Orc:4    | Killed an orc high priest
 12743 | Orc:4    | Killed an orc high priest
 12778 | Orc:4    | Bought a bread ration for 50 gold pieces
 12797 | Orc:4    | Killed an orc high priest
 12803 | Orc:4    | Noticed an orc high priest
 12804 | Orc:4    | Noticed an orc high priest
 12831 | Orc:4    | Killed an orc high priest
 12931 | Orc:4    | Found a roughly hewn altar of Beogh.
 12944 | Orc:4    | Killed an orc high priest
 12944 | Orc:4    | Reached skill level 12 in Dodging
 12978 | Orc:4    | Found Sita Tat's General Store.
 12978 | Orc:4    | Found Gegor's Gadget Emporium.
 12994 | Orc:4    | Bought a scroll of enchant armour for 97 gold pieces
 12994 | Orc:4    | Bought a bread ration for 65 gold pieces
 12994 | Orc:4    | Bought a potion of agility for 52 gold pieces
 13036 | Orc:4    | Bought a potion of cancellation for 80 gold pieces
 13036 | Orc:4    | Bought a potion of agility for 40 gold pieces
 13036 | Orc:4    | Bought a scroll of enchant armour for 75 gold pieces
 13077 | Orc:4    | Bought a scroll of teleportation for 42 gold pieces
 13077 | Orc:4    | Bought a scroll of enchant armour for 105 gold pieces
 13200 | Orc:4    | Killed an orc high priest
 13372 | Orc:4    | Found a roughly hewn altar of Beogh.
 13382 | Orc:4    | Received a gift from Trog
 13675 | Orc:4    | Reached skill level 10 in Evocations
 13703 | Orc:4    | Bought a scroll of enchant weapon for 105 gold pieces
 13733 | Elf:1    | Entered Level 1 of the Elven Halls
 13808 | Elf:1    | Noticed a deep elf annihilator
 13823 | Elf:1    | Killed a deep elf annihilator
 13851 | Elf:1    | Identified the Reference Book on Combat Magic and Flames
 13871 | Elf:1    | Reached skill level 10 in Fighting
 14286 | Elf:1    | Noticed Azrael
 14303 | Elf:1    | Noticed nubinia's ghost (powerful TrEE)
 14406 | Elf:1    | Reached XP level 13. HP: 47/72 MP: 17/21
 14648 | Elf:1    | Received a gift from Trog
 14741 | Elf:1    | Found Rycwa's Antique Armour Emporium.
 14921 | Orc:1    | Found a roughly hewn altar of Beogh.
 15076 | Orc:1    | Noticed Nergalle
 15125 | D:11     | Noticed a red ugly thing
 15127 | D:11     | Noticed a hill giant
 15143 | D:11     | Killed a hill giant
 15154 | D:11     | Killed a red ugly thing
 15586 | D:12     | Noticed Frances
 15597 | D:12     | Killed Frances
 15597 | D:12     | Reached skill level 13 in Stealth
 16975 | D:13     | Received a gift from Trog
 17339 | D:13     | Got a smoking falchion
 17439 | D:14     | Found a labyrinth entrance.
 17460 | Lab      | Entered a labyrinth
 18327 | Lab      | Got a clouded ivory ring
 18331 | Lab      | Got an ichor-stained war axe
 18337 | Lab      | Got a bloodstained robe
 18369 | D:14     | Found a gate to the Vaults.
 18500 | D:14     | Found a blossoming altar of Fedhas.
 18642 | D:14     | Noticed Josephine
 18755 | D:14     | Reached XP level 14. HP: 79/79 MP: 23/23
 18780 | D:14     | Killed Josephine
 18816 | D:14     | Reached skill level 14 in Stealth
 19076 | D:14     | Identified the ring of Charity {EV+2 Dex+6} (You found it in a labyrinth)
 19156 | D:15     | Entered Level 15 of the Dungeon
 19331 | D:15     | Found an opulent altar of Gozag.
 19638 | D:15     | Received a gift from Trog
 20591 | D:15     | Noticed an emperor scorpion
 20624 | D:15     | Noticed a frost giant
 20628 | D:15     | Received a gift from Trog
 20630 | D:15     | Noticed a fire giant
 20630 | D:15     | Noticed a sphinx
 20630 | D:15     | a fire giant changed into a sphinx
 20631 | D:15     | Killed a sphinx
 20649 | D:15     | Found a staircase to the Depths.
 20658 | Depths:1 | Entered Level 1 of the Depths
 20867 | Depths:1 | Noticed a lich
 20934 | Depths:1 | Noticed a lich
 20987 | Depths:1 | Reached skill level 15 in Stealth
 21086 | Depths:2 | Noticed a frost giant
 21388 | Lair:1   | Entered Level 1 of the Lair of Beasts
 22358 | Lair:2   | Received a gift from Trog
 22372 | Lair:2   | Reached XP level 15. HP: 77/84 MP: 23/25
 22651 | Lair:2   | Identified the +2 robe of Esaytsumm {rCorr Str+4 Dex-3} (You found it in a labyrinth)
 22653 | Lair:2   | Got a fabulously ornate robe
 22664 | Lair:2   | Identified the +2 robe of Rife Mam {rF+ rN++} (You found it on level 2 of the Lair of Beasts)
 23149 | Lair:3   | Found a frozen archway.
 23182 | IceCv    | Entered an ice cave
 23402 | IceCv    | Reached skill level 15 in Dodging
 23465 | IceCv    | Received a gift from Trog
 23527 | IceCv    | Got a warped glaive
 24123 | Lair:3   | Gained mutation: Your mind is acute. (Int +2) [potion of beneficial mutation]
 24124 | Lair:3   | Gained mutation: You are partially covered in molten scales (AC +1). [potion of beneficial mutation]
 25624 | Lair:5   | Found a staircase to the Shoals.
 25852 | Lair:5   | Found a staircase to the Snake Pit.
 26214 | Lair:5   | Received a gift from Trog
 26553 | Snake:1  | Entered Level 1 of the Snake Pit
 26605 | Lair:6   | Identified a scroll of acquirement
 26608 | Lair:6   | Got a dazzling cloak
 26615 | Lair:6   | Identified the +2 cloak of Royalty {rN+ Int+5} (You acquired it on level 6 of the Lair of Beasts)
 26665 | Lair:6   | Was placed under penance by Trog
 26671 | Lair:6   | Learned a level 5 spell: Phase Shift
 26887 | Lair:6   | Noticed Kirke
 26923 | Lair:6   | Killed Kirke
 27175 | Lair:6   | Reached skill level 1 in Translocations
 27287 | Lair:6   | Was forgiven by Trog
 27334 | Lair:6   | Upgraded the game from 0.17-a0-1510-gb3fb22e to 0.17-a0-1515-gfae3d72
 28729 | Lair:8   | Entered Level 8 of the Lair of Beasts
 28731 | Lair:8   | Found a glowing golden altar of the Shining One.
 28806 | Lair:8   | Reached skill level 16 in Stealth
 29017 | Lair:8   | Found a viscous altar of Jiyva.
 29018 | Lair:8   | Found a staircase to the Slime Pits.
 29217 | Lair:8   | Reached XP level 16. HP: 73/91 MP: 20/27
 29933 | Lair:8   | Found a runed door.
 30208 | Lair:8   | Received a gift from Trog
 31355 | D:10     | Bought the ring "Nealao" {rPois rF+} for 398 gold pieces
 31498 | Orc:4    | Bought a wand of heal wounds (6) for 1080 gold pieces
 31664 | Elf:1    | Reached skill level 10 in Armour
 31902 | Elf:1    | Killed Azrael
 32322 | Elf:2    | Received a gift from Trog
 32527 | Elf:2    | Found a runed gate.
 32527 | Elf:2    | Found a runed gate.
 32527 | Elf:2    | Found a runed gate.
 32673 | Elf:3    | Entered Level 3 of the Elven Halls
 32760 | Elf:3    | Received a gift from Trog
 32892 | Elf:3    | Got a transparent cloak
 32898 | Elf:3    | Identified the +2 cloak of Dithmenos's Generosity {+Inv Dex+3} (You found it on level 3 of the Elven Halls)
 32972 | Elf:3    | Noticed a deep elf blademaster
 32978 | Elf:3    | Killed a deep elf blademaster
 32978 | Elf:3    | Received a gift from Trog
 33028 | Elf:3    | Got a steaming brass ring
 33148 | Elf:3    | Got an encrusted whip
 33405 | Elf:3    | Reached XP level 17. HP: 88/98 MP: 22/28
 33569 | Elf:3    | Identified the +7 whip of Action {antimagic, MP+9 Int+2 Dex+2} (You took it off a deep elf conjurer on level 3 of the Elven Halls)
 33587 | Elf:3    | Got a twisted rapier
 33596 | Elf:3    | Identified the +1 rapier "Oscheog" {pierce, Dex+4} (You found it on level 3 of the Elven Halls)
 33819 | Elf:3    | Identified the ring "Quhizago" {rC+ EV+1 Str+2} (You found it on level 3 of the Elven Halls)
 33870 | Elf:3    | Was placed under penance by Trog
 33873 | Elf:3    | Learned a level 2 spell: Blink
 33882 | Elf:3    | Learned a level 8 spell: Necromutation
 34069 | Elf:3    | Noticed a deep elf master archer
 34088 | Elf:3    | Killed a deep elf master archer
 34088 | Elf:3    | Reached skill level 1 in Transmutations
 34751 | Orc:4    | Bought a scroll of blinking for 105 gold pieces
 34751 | Orc:4    | Bought a scroll of magic mapping for 49 gold pieces
 34751 | Orc:4    | Bought a scroll of magic mapping for 49 gold pieces
 34751 | Orc:4    | Bought a scroll of recharging for 133 gold pieces
 34803 | Orc:4    | Bought a scroll of magic mapping for 35 gold pieces
 34843 | Orc:4    | Bought a sack of spiders for 360 gold pieces
 34843 | Orc:4    | Bought a box of beasts for 360 gold pieces
 35314 | Snake:1  | Reached skill level 1 in Necromancy
 35944 | Snake:1  | Was forgiven by Trog
 35970 | Snake:1  | Reached skill level 15 in Fighting
 37259 | Snake:2  | Reached skill level 5 in Transmutations
 37325 | Snake:2  | Reached skill level 5 in Translocations
 38509 | Snake:3  | Acquired Trog's first power
 40052 | Snake:4  | Entered Level 4 of the Snake Pit
 40147 | Snake:4  | Noticed Vashnia
 40757 | Shoals:1 | Entered Level 1 of the Shoals
 40965 | Shoals:1 | Reached XP level 18. HP: 59/104 MP: 29/29
 43436 | Shoals:4 | Entered Level 4 of the Shoals
 43469 | Shoals:4 | Identified Cakhotz's Handbook of Malediction (You found it on level 4 of the Shoals)
 43727 | Shoals:4 | Got a barnacled rune of Zot
 43899 | Shoals:4 | Noticed Ilsuiw
 44007 | Shoals:4 | Killed Ilsuiw
 44221 | Shoals:4 | Noticed FooOfBar's ghost (mighty TeAE)
 44395 | Shoals:4 | Reached skill level 17 in Dodging
 44512 | Shoals:4 | Identified the Collected Works on Dislocation and Ice
 44662 | Shoals:4 | Found Sanedola's Book Emporium.
 45315 | D:8      | Killed a wandering mushroom
 46128 | Depths:2 | Noticed an octopode crusher
 46169 | Depths:1 | Killed a frost giant
 46691 | Depths:1 | Reached skill level 15 in Evocations
 47286 | Depths:1 | Killed a lich
 47338 | Depths:1 | Reached XP level 19. HP: 109/109 MP: 31/31
 47440 | Depths:1 | Killed a lich
 47604 | Depths:1 | Reached skill level 5 in Unarmed Combat
 47830 | Depths:1 | Found a gateway to Hell.
 48141 | Depths:2 | Noticed a titan
 48157 | Depths:2 | Found a gateway to a ziggurat.
 48210 | Depths:2 | Noticed a tengu reaver
 48210 | Depths:2 | Noticed a lich
 48309 | Depths:2 | Killed an octopode crusher
 48603 | Depths:2 | Noticed an iron dragon
 48603 | Depths:2 | Noticed a frost giant
 48604 | Depths:2 | Noticed a fire giant
 48604 | Depths:2 | Noticed a frost giant
 48901 | Depths:2 | Killed a lich
 48996 | Depths:2 | Noticed a lich
 48997 | Depths:2 | Noticed a frost giant
 48998 | Depths:2 | Noticed a spriggan defender
 49101 | Depths:2 | Got a brightly glowing cloak
 49102 | Depths:2 | Identified the cursed -1 cloak "Wurgh" {-Tele rF+++ MR- MP+9} (You found it on level 2 of the Depths)
 49967 | Depths:3 | Found a one-way gate leading to the halls of Pandemonium.
 50006 | Depths:5 | Entered Level 5 of the Depths
 50087 | Depths:5 | Found a one-way gate to the infinite horrors of the Abyss.
 50163 | Depths:5 | Noticed a golden dragon
 50169 | Depths:5 | Killed a golden dragon
 50249 | Depths:5 | Noticed a bone dragon
 50250 | Depths:5 | Noticed a golden dragon
 50292 | Depths:5 | Killed a golden dragon
 50441 | Depths:4 | Found Ower's Assorted Antiques.
 50572 | Depths:1 | Noticed a lich
 50589 | Depths:1 | Killed a lich
 50703 | D:14     | Upgraded the game from 0.17-a0-1515-gfae3d72 to 0.17-a0-1519-g2001520
 51056 | D:14     | Reached XP level 20. HP: 117/117 MP: 33/33
 51323 | Orc:2    | Bought a lamp of fire for 680 gold pieces
 51848 | Snake:4  | Reached skill level 18 in Evocations
 51926 | Snake:4  | Killed Vashnia
 52198 | Snake:4  | Found a shimmering altar of Xom.
 53706 | Snake:4  | Received a gift from Trog
 54441 | Snake:4  | Got a serpentine rune of Zot
 55280 | Zig:1    | Entered Level 1 of a ziggurat
 55312 | Zig:2    | Entered Level 2 of a ziggurat
 55390 | Zig:3    | Entered Level 3 of a ziggurat
 55550 | Zig:4    | Entered Level 4 of a ziggurat
 55561 | Zig:5    | Entered Level 5 of a ziggurat
 55705 | Zig:5    | Got a transparent steel ring
 55706 | Zig:5    | Identified the ring "Hamiut" {rElec rN+ MR+ Slay+3} (You found it on level 5 of a ziggurat)
 55724 | Zig:6    | Entered Level 6 of a ziggurat
 55836 | Depths:2 | You fall through a shaft!
 56468 | D:6      | Noticed Crazy Yiuf
 56476 | D:6      | Killed Crazy Yiuf
 57225 | D:5      | Found a staircase to the Ecumenical Temple.
 57404 | Temple   | Entered the Ecumenical Temple
 57658 | Temple   | Fell from the grace of Trog
 57659 | Temple   | Became a worshipper of Warmaster Okawaru
 58098 | Depths:3 | Noticed an ancient lich
 58244 | Depths:3 | Reached XP level 21. HP: 88/123 MP: 35/35
 58536 | Vaults:1 | Entered Level 1 of the Vaults
 58761 | Vaults:1 | Acquired Okawaru's first power
 58913 | Vaults:1 | Reached skill level 1 in Invocations
 60240 | Vaults:1 | Found Qalyo's Book Shoppe.
 60697 | Vaults:2 | Found Jetus's Jewellery Shop.
 60753 | Vaults:2 | Noticed Margery
 60772 | Vaults:2 | Killed Margery
 61297 | Vaults:2 | Reached skill level 10 in Unarmed Combat
 63412 | Vaults:3 | Acquired Okawaru's second power
 63419 | Vaults:3 | Found Wick's Antique Armour Emporium.
 64324 | Vaults:3 | Reached XP level 22. HP: 128/128 MP: 36/36
 64856 | Vaults:4 | Reached skill level 5 in Necromancy
 65118 | Vaults:4 | Reached skill level 10 in Transmutations
 65369 | Vaults:4 | Received a gift from Okawaru
 65559 | Vaults:4 | Found Koledat's Magic Scroll Shoppe.
 65579 | Vaults:4 | Bought a scroll of fog for 42 gold pieces
 65898 | Vaults:4 | Was forgiven by Trog
 65908 | Vaults:4 | Slain by an iron troll

Vault maps used:
D:1:      nicolae_arrival_somewhat_less_tricky_arrival, st_stairs_3,
          fountainhead
D:2:      kennysheep_big_flooded_room, xom_butterflies, old_standard_altar
D:3:      cheibriados_altar_wand_db, nicolae_overflow_crystal_walls,
          gup_sewer_entry_bowl, minmay_crystal_room, kennysheep_generic_room_6
D:4:      kennysheep_mini, uniq_grinder
D:5:      minmay_temple_entry_nine_rooms, first_bread, kennysheep_generic_room_9
D:6:      uniq_crazy_yiuf_cottage
D:7:      enter_ossuary_2, nicolae_ru_sacrificial_ziggurat
D:8:      kennysheep_mini_moat, dpeg_oklobed_lair, uniq_psyche
D:9:      yredelemnul_altar_generic, basic_altar, hangedman_pestilent_swarm,
          minmay_misc_feat_four_crosses, nicolae_gozag_zags_fifth_avenue
D:10:     basic_altar, serial_shops, shop
D:11:     david_orc_1_choice
D:12:     dk_noncrumbling_3, kennysheep_generic_room_10, uniq_frances
D:14:     erik_vaults_2, lab_entry_generic, fedhas_altar_1, uniq_josephine
D:15:     gammafunk_enter_depths_forms, lemuel_tele_altar, library_closet
Temple:   oiseaux_autumnal_temple_12
Lair:1:   lemuel_fruit_tree, grunt_megastairs_3
Lair:2:   minivault_29, grunt_megastairs_2
Lair:3:   portal_ice_cave_entry_imps, infiniplex_staircase_pool
Lair:5:   elwin_shoals_entry_rocks, minmay_snake_entry_guardpost_medium
Lair:6:   small_statue_intersection, beast_lair_carwin_8, uniq_kirke
Lair:7:   beast_lair_carwin_2, grunt_megastairs_1
Lair:8:   hangedman_lair_caniforms_friends, wormcave, slime_altar_1,
          basic_altar, infiniplex_staircase_pool_2
Shoals:1: centaur_isle
Shoals:4: serial_shops, shop, shoals_end_simple, shoals_ilsuiw_alternative
Snake:4:  snake_pit_salamanders_mu, basic_altar, uniq_vashnia
Orc:1:    serial_shops, nicolae_shop_stone, minmay_orc_temple_a, uniq_nergalle,
          uniq_snorg
Orc:2:    serial_shops, shop_fountains, roderic_batcave, guppyfry_library_mini,
          uniq_erolcha, uniq_urug, uniq_sonja
Orc:3:    nicolae_orc_pool_cavern, minmay_orc_temple_b
Orc:4:    st_orc_town, basic_altar, serial_shops, shop
Elf:1:    elf_arrival_001, serial_shops, nicolae_shop_window_shopping,
          minmay_elf_annihilation, hangedman_elven_ridges, uniq_azrael
Elf:3:    minmay_elf_hall_spiked, serial_sigils_hangedman_snap, minivault_4,
          dk_noncrumbling_2
Vaults:1: st_octagons_2, v_misc_30, v_misc_18, nicolae_vaults_alarming,
          nicolae_vaults_diagonal_hallway_6, v_misc_25,
          vaults_room_stairs_pillars, serial_shops, shop
Vaults:2: vaults_room_guarded_vault, hangedman_vaults_corner_blocks, v_misc_23,
          hangedman_vaults_nails, v_misc_11, nicolae_vaults_little_squares_1,
          ontoclasm_vaults_eye, nicolae_vaults_rhombus_6, v_alt_pattern_5,
          v_misc_29, stair_cage_open, hangedman_vaults_slice, serial_shops,
          nicolae_shop_statue_plus, uniq_margery
Vaults:3: blue_anna_dwarven_crypt, v_misc_15, v_misc_4, vaults_dpeg_hooks,
          nicolae_vaults_mini_display_case, st_lines, vaults_room_pools,
          vaults_room_semicircle, serial_shops, nicolae_shop_window_shopping
Vaults:4: nicolae_vaults_three_branches, ontoclasm_vaults_twist, v_misc_33,
          nicolae_vaults_disjoint_gnomons, vaults_room_door_ring,
          vaults_mumra_chevron_long, dpeg_vaults_monster_box, v_alt_pattern_2,
          ontoclasm_vaults_shuriken, hangedman_vaults_impose,
          nicolae_vaults_halls_meeting, vaults_dpeg_diagonal,
          nicolae_vaults_little_squares_6, hangedman_vaults_trim,
          nicolae_vaults_little_squares_3, nicolae_vaults_asterisk,
          serial_shops, shop
Depths:1: solitary_fountain, hellmouth_1, minmay_variable_closet,
          kennysheep_boxes, firewood_loft
Depths:2: lemuel_ice_spiral_2, enter_ziggurat_e, minmay_holes, hell_entry,
          serial_bayou_lagoon_a, grunt_decor_mini_mirrors, minivault_12,
          infiniplex_staircase_pillars_3a
Depths:3: hangedman_pleasuredromes, serial_shops, hell_entry, pan_entry
Depths:4: gammafunk_depths_water_palace, serial_shops,
          nicolae_shop_overgrown_old_shop, minmay_room_of_horrors,
          infiniplex_staircase_zigzag_1, hangedman_coc_ice_floe,
          kennysheep_kite_vault, serial_bayou_shore_b, uniq_sojobo, uniq_boris,
          uniq_jorgrun
Depths:5: grunt_zot_entry_hairpin, special_room, grunt_mini_vestibule,
          abyss_entry, serial_sigils_hangedman_scar,
          serial_sigils_hangedman_shear
Zig:1:    ziggurat_pillar_centre_c
Lab:      lab_statue, nicolae_lab_grate
Ossuary:  ossuary_crypta
IceCv:    ice_cave_small_giant

Action                   |  1- 3 |  4- 6 |  7- 9 | 10-12 | 13-15 | 16-18 | 19-21 | 22-24 || total
-------------------------+-------+-------+-------+-------+-------+-------+-------+-------++-------
Melee: Unarmed           |   182 |    21 |       |       |       |    25 |  2170 |   445 ||  2843
       Dagger            |     9 |       |       |       |       |       |       |       ||     9
       Whip              |       |   148 |   432 |  1167 |  2522 |  2914 |  1141 |       ||  8324
 Cast: Blink             |       |       |       |       |       |       |     1 |       ||     1
Invok: Berserk           |     3 |     4 |     5 |    20 |    12 |    11 |     1 |       ||    56
       Trog's Hand       |       |     2 |     2 |    11 |    14 |    25 |    39 |       ||    93
       Brothers in Arms  |       |       |       |       |    14 |    14 |    13 |       ||    41
       Renounce Religion |       |       |       |       |       |       |     1 |       ||     1
       Heroism           |       |       |       |       |       |       |     4 |       ||     4
Evoke: Wand              |       |     2 |    10 |    17 |    90 |   167 |    87 |     4 ||   377
       Sack of spiders   |       |       |       |     5 |     6 |    28 |       |       ||    39
       Box of beasts     |       |       |       |       |       |    19 |       |       ||    19
       Fan of gales      |       |       |       |       |       |     8 |    11 |     2 ||    21
       Disc of storms    |       |       |       |       |       |    67 |   212 |     7 ||   286
       Phantom mirror    |       |       |       |       |       |       |     1 |       ||     1
       Lamp of fire      |       |       |       |       |       |       |    12 |     2 ||    14
  Use: Scroll            |     6 |     5 |     9 |     5 |    18 |    33 |    43 |     1 ||   120
       Potion            |       |       |     8 |     1 |     4 |    11 |    15 |     1 ||    40
 Stab: Sleeping          |     1 |     6 |    17 |    29 |    91 |    37 |     2 |       ||   183
       Distracted        |       |     1 |     2 |     2 |    13 |    19 |    16 |     1 ||    54
       Paralysed         |       |     3 |    29 |     1 |    44 |       |    58 |       ||   135
       Confused          |       |       |       |       |     3 |    25 |    18 |       ||    46
       Fleeing           |       |       |       |       |     3 |       |     1 |       ||     4
       Held in net/web   |       |       |       |       |     1 |     2 |       |       ||     3
       Invisible         |       |       |       |       |       |       |     7 |       ||     7
  Eat: Bread ration      |     1 |       |     1 |     1 |     5 |     4 |     9 |       ||    21
       Fruit             |       |     2 |     4 |     7 |     7 |     3 |     4 |       ||    27
       Pizza             |       |       |       |     1 |     1 |     1 |     2 |       ||     5
       Royal jelly       |       |       |       |    10 |       |    13 |       |       ||    23
